[Event "Titled Tuesday Blitz September 21 2021"]
[White "Rustemov, Alexander"]
[Black "Suarez Uriel, Adrian"]
[WhiteFideId "4119002"]
[BlackFideId "22230874"]
[WhiteElo "2771"]
[BlackElo "2300"]
[Result "1-0"]
[Round "01"]
[TimeControl "180+1"]
[Date "2021.09.21"]
[WhiteClock "0:00:09"]
[BlackClock "0:00:14"]

1. d4 Nf6 2. c4 g6 3. Nf3 Bg7 4. g3 c5 5. Bg2 O-O 6. O-O cxd4 7. Nxd4 Nc6 8. Nc3 Qb6 9. e3 d6 10. b3 Bd7 11. Bb2 Rfc8 12. Qd2 a6 13. Rac1 Rab8 14. Rfd1 Qa5 15. a3 Qh5 16. f3 Ne5 17. g4 Nfxg4 18. fxg4 Nxg4 19. Nf3 Bh6 20. Nd5 Bc6 21. Nf4 Qc5 22. Bd4 Qxa3 23. h3 e5 24. hxg4 Bxf3 25. Bxf3 exd4 26. Qxd4 Qxb3 27. Nd5 Bg7 28. Qd3 Qxd3 29. Rxd3 Kf8 30. Nb6 Rd8 31. Rcd1 Be5 32. c5 Ke7 33. Nc4 f6 34. cxd6+ Ke6 35. Nxe5 fxe5 36. d7 b5 37. Rd6+ Ke7 38. Rxa6 b4 39. Rb1 Rxd7 40. Kf2 Rd2+ 41. Kg3 Rd3 42. Kf2 Rd2+ 43. Ke1 Rh2 44. Bd5 Rb5 45. Bc4 Rc5 46. Rxb4 Rg2 47. Rb7+ Kd8 48. Ra8+ Rc8 49. Rxc8+ Kxc8 50. Rxh7 Kd8 51. Rg7 Rxg4 52. Be2 Rg2 53. Kf1 Rg5 54. Bd3 Ke8 55. Rxg6 Rh5 56. Kf2 Ke7 57. Ra6 Kd7 58. Kf3 Rh4 59. Be4 Ke7 60. Bf5 Kf7 61. Re6 Rh5 62. e4 1-0


[Site "https://www.chess.com"]

[Event "Titled Tuesday Blitz September 21 2021"]
[White "Sahil, Tickoo"]
[Black "Laurusas, Tomas"]
[WhiteFideId "5019710"]
[BlackFideId "12803731"]
[WhiteElo "2099"]
[BlackElo "2573"]
[Result "0-1"]
[Round "01"]
[TimeControl "180+1"]
[Date "2021.09.21"]
[WhiteClock "0:00:04"]
[BlackClock "0:00:29"]

1. b3 d5 2. Bb2 Bg4 3. d3 Nd7 4. Nd2 e5 5. Ngf3 Bd6 6. g3 Ngf6 7. Bg2 O-O 8. O-O Re8 9. e4 c6 10. h3 Bh5 11. Re1 d4 12. a4 Bb4 13. Rf1 b5 14. g4 Bg6 15. Qe2 a5 16. Nh2 Nf8 17. Ndf3 Qc7 18. Nh4 Ne6 19. Nf5 Nd7 20. Qf3 bxa4 21. Rxa4 Ndc5 22. Raa1 a4 23. bxa4 Nxa4 24. Bc1 Bc3 25. Rb1 Reb8 26. Rxb8+ Rxb8 27. h4 h6 28. g5 hxg5 29. hxg5 Rb1 30. Ng4 Bb2 31. Bd2 Rxf1+ 32. Bxf1 Bc3 33. Bc1 Bb2 34. Bd2 Nc3 35. Qh3 Nb1 36. Be1 Nxg5 37. Qg2 Ne6 38. Be2 Bc3 39. Bxc3 Nxc3 40. Bf3 Nf4 41. Qg3 Kf8 42. Qh4 Bxf5 43. Qh8+ Ke7 44. exf5 g6 45. fxg6 Nxg6 46. Qf6+ Ke8 47. Nh6 Nd5 48. Bxd5 cxd5 49. Qg7 Qe7 50. Qg8+ Qf8 51. Qh7 Ke7 52. Kf1 Ke6 53. Ng4 Qh8 54. Qxh8 Nxh8 55. Ke2 Ng6 56. Nh2 e4 57. Ng4 f5 58. Nh2 Nf4+ 59. Kd2 Kf6 60. Nf1 Kg5 61. Ng3 Kg4 62. Nf1 Kf3 63. Ng3 e3+ 64. fxe3 Kxg3 65. exf4 Kxf4 66. c3 dxc3+ 67. Kxc3 Ke3 0-1


[Site "https://www.chess.com"]

[Event "Titled Tuesday Blitz September 21 2021"]
[White "Salgado Lopez, Ivan"]
[Black "Belenkaya, Dina"]
[WhiteFideId "2257327"]
[BlackFideId "24142654"]
[WhiteElo "2605"]
[BlackElo "2247"]
[Result "1-0"]
[Round "01"]
[TimeControl "180+1"]
[Date "2021.09.21"]
[WhiteClock "0:01:11"]
[BlackClock "0:00:03"]

1. g3 d5 2. Bg2 c6 3. c4 Nf6 4. Nf3 Bg4 5. cxd5 cxd5 6. Ne5 Be6 7. d4 Nbd7 8. Nc3 g6 9. Nd3 Nb6 10. Nf4 Qd7 11. a4 Bg7 12. a5 Nc4 13. Nxe6 Qxe6 14. Qa4+ Qd7 15. Nxd5 Nxd5 16. Bxd5 Nd6 17. O-O e6 18. Bf3 Qxa4 19. Rxa4 Rc8 20. Bf4 Kd7 21. Rb4 Rc2 22. Bxd6 Kxd6 23. Rxb7 Rc7 24. e3 Rhc8 25. Rb1 Bf8 26. b4 Rc1+ 27. Rxc1 Rxc1+ 28. Kg2 Rc7 29. Rb8 Be7 30. b5 Rc2 31. Rb7 Rc7 32. Rb8 Rc2 33. b6 axb6 34. Rxb6+ Kc7 35. Rb7+ Kd8 36. a6 Ra2 37. a7 Bd6 38. Rb8+ Ke7 39. a8=Q 1-0


[Site "https://www.chess.com"]

[Event "Titled Tuesday Blitz September 21 2021"]
[White "Salinas Herrera, Pablo"]
[Black "Tokman, Ariel"]
[WhiteFideId "3407128"]
[BlackFideId "117420"]
[WhiteElo "2541"]
[BlackElo "2293"]
[Result "1-0"]
[Round "01"]
[TimeControl "180+1"]
[Date "2021.09.21"]
[WhiteClock "0:00:13"]
[BlackClock "0:00:06"]

1. d4 Nf6 2. Nf3 g6 3. Nbd2 d5 4. e3 Bg7 5. b4 O-O 6. c4 a5 7. b5 c5 8. dxc5 Ne4 9. Nxe4 dxe4 10. Nd4 Nd7 11. Ba3 Ne5 12. Be2 Nd3+ 13. Bxd3 exd3 14. O-O e5 15. Nb3 e4 16. c6 bxc6 17. Bxf8 Qxf8 18. Rc1 a4 19. Nd2 f5 20. bxc6 Qc5 21. Rb1 Qxc6 22. Rb5 Be6 23. Qb1 Bc3 24. Rb6 Qd7 25. Rd1 a3 26. Qb3 Bb2 27. Qb4 Rc8 28. Rb7 Qe8 29. h3 Bf7 30. Nb1 Qe5 31. Nxa3 Bc3 32. Qa4 Qc5 33. Qd7 Rf8 34. Nb5 Be5 35. Nd4 f4 36. Ne6 1-0


[Site "https://www.chess.com"]

[Event "Titled Tuesday Blitz September 21 2021"]
[White "Shipov, Sergei"]
[Black "Chernov, Mikhail"]
[WhiteFideId "4113624"]
[BlackFideId "24143170"]
[WhiteElo "2793"]
[BlackElo "2244"]
[Result "1-0"]
[Round "01"]
[TimeControl "180+1"]
[Date "2021.09.21"]
[WhiteClock "0:01:34"]
[BlackClock "0:00:18"]

1. d4 Nf6 2. c4 e6 3. Nc3 Bb4 4. e3 c5 5. Ne2 cxd4 6. exd4 d5 7. c5 O-O 8. a3 Ba5 9. b4 Bc7 10. Nb5 Nc6 11. Bb2 Bb8 12. f3 a6 13. Nbc3 e5 14. Na4 exd4 15. Nb6 Ra7 16. Nxd4 Bc7 17. Be2 Bxb6 18. Nxc6 bxc6 19. cxb6 Re7 20. O-O Qxb6+ 21. Bd4 Qc7 22. Bc5 Rfe8 23. Bxe7 Qxe7 24. Re1 Qe3+ 25. Kh1 Nh5 26. Bf1 1-0


[Site "https://www.chess.com"]

[Event "Titled Tuesday Blitz September 21 2021"]
[White "Shishkov, Andrei"]
[Black "Priasmoro, Novendra"]
[WhiteFideId "4500563"]
[BlackFideId "7105029"]
[WhiteElo "2295"]
[BlackElo "2309"]
[Result "0-1"]
[Round "01"]
[TimeControl "180+1"]
[Date "2021.09.21"]
[WhiteClock "0:00:01"]
[BlackClock "0:01:35"]

1. d4 Nf6 2. c4 g6 3. f3 d5 4. e4 dxe4 5. Nc3 exf3 6. Nxf3 Bg7 7. Be2 O-O 8. O-O c5 9. d5 e6 10. Be3 exd5 11. Bxc5 Re8 12. cxd5 Nbd7 13. Bd4 Ng4 14. Bxg7 Kxg7 15. Qd4+ Ndf6 16. Bb5 Bd7 17. Bxd7 Qxd7 18. h3 Ne3 19. Ne5 Qd6 20. Ng4 Nxg4 21. hxg4 Qe5 22. Rad1 Rad8 23. d6 a6 24. g5 Nd7 25. Qc4 Re6 26. Qc7 Qxg5 27. Nd5 Re2 28. Nf4 Re4 29. Rde1 Rxe1 30. Rxe1 Qc5+ 0-1


[Site "https://www.chess.com"]

[Event "Titled Tuesday Blitz September 21 2021"]
[White "Shvedova, Alexandra"]
[Black "Warmerdam, Max"]
[WhiteFideId "54154782"]
[BlackFideId "1048104"]
[WhiteElo "1887"]
[BlackElo "2537"]
[Result "1-0"]
[Round "01"]
[TimeControl "180+1"]
[Date "2021.09.21"]
[WhiteClock "0:00:20"]
[BlackClock "0:00:18"]

1. e4 c5 2. Ne2 d6 3. g3 g6 4. Bg2 Bg7 5. c3 h5 6. h4 Bg4 7. f3 Bd7 8. d4 e6 9. Be3 cxd4 10. cxd4 Ne7 11. Nbc3 O-O 12. g4 Qa5 13. Qd2 Nbc6 14. Bh6 Rac8 15. Bxg7 Kxg7 16. gxh5 Qxh5 17. Ng3 Qh6 18. Qxh6+ Kxh6 19. Rd1 Rfd8 20. f4 e5 21. fxe5 dxe5 22. d5 Nd4 23. Rd2 f5 24. Nge2 Nxe2 25. Kxe2 f4 26. Bf3 b5 27. a3 a5 28. Na2 Rc4 29. b3 Rc5 30. Rg1 Nc8 31. Rg5 Re8 32. Kd3 b4 33. a4 Bh3 34. Rd1 Nd6 35. Rdg1 Rg8 36. Rxe5 Rc7 37. Bg4 Bxg4 38. Rxg4 Rf7 39. Re6 f3 40. Rg1 Nb7 41. Rc6 Re8 42. Rgxg6+ Kh7 43. Rg1 f2 44. Rf1 Kg8 45. h5 Rf3+ 46. Ke2 Rf4 47. Rxf2 Rexe4+ 48. Kf1 Rxf2+ 49. Kxf2 Re5 50. d6 Rd5 51. Rc8+ Kf7 52. Rc7+ Ke6 53. Rxb7 Rd2+ 54. Kf3 Rxa2 55. d7 Ke7 56. h6 Rh2 57. h7 Kd8 58. Rb8+ Kxd7 59. h8=Q 1-0


[Site "https://www.chess.com"]

[Event "Titled Tuesday Blitz September 21 2021"]
[White "Sjugirov, Sanan"]
[Black "Richter, Nils"]
[WhiteFideId "4189302"]
[BlackFideId "12990809"]
[WhiteElo "2654"]
[BlackElo "2289"]
[Result "1-0"]
[Round "01"]
[TimeControl "180+1"]
[Date "2021.09.21"]
[WhiteClock "0:00:04"]
[BlackClock "0:00:02"]

1. d4 Nf6 2. c4 c5 3. d5 b5 4. cxb5 a6 5. e3 g6 6. Nc3 Bg7 7. Nf3 d6 8. a4 O-O 9. e4 Nbd7 10. Be2 axb5 11. Bxb5 Ba6 12. Bxa6 Rxa6 13. O-O Qb6 14. Qc2 Rfa8 15. h3 Ne8 16. Ra3 c4 17. Be3 Nc5 18. Nd4 Nc7 19. Nc6 Kf8 20. a5 Rxa5 21. Rxa5 Rxa5 22. Nxa5 Qxa5 23. Ne2 Qa4 24. Qxa4 Nxa4 25. Ra1 Nxb2 26. Ra7 Ne8 27. Ra8 Nd1 28. Bd4 Bxd4 29. Nxd4 Nc3 30. f3 f5 31. Ne6+ Kf7 32. Ng5+ Kf8 33. Nxh7+ Kf7 34. Ng5+ Kf6 35. Rxe8 Kxg5 36. Rxe7 fxe4 37. fxe4 Na2 38. e5 dxe5 39. d6 c3 40. Rc7 Kf6 41. Kf2 Ke6 42. d7 Ke7 43. Ke3 Nb4 44. Ke4 c2 45. h4 Kd8 46. Rc4 Kxd7 47. g4 Ke6 48. h5 gxh5 49. gxh5 Kf6 50. Ke3 Kg5 51. Kd2 Nd5 52. Rc5 Nf6 53. Rxe5+ Kh6 54. Re6 Kg5 55. h6 Nh7 56. Kxc2 Nf6 57. Kd3 Kg6 58. Kd4 Kf7 59. Ra6 Ng8 60. Ke5 Nxh6 61. Rxh6 1-0


[Site "https://www.chess.com"]

[Event "Titled Tuesday Blitz September 21 2021"]
[White "Solon, Nathan"]
[Black "Guzman Moneo, Alberto"]
[WhiteFideId "2017229"]
[BlackFideId "2209616"]
[WhiteElo "2686"]
[BlackElo "2157"]
[Result "1-0"]
[Round "01"]
[TimeControl "180+1"]
[Date "2021.09.21"]
[WhiteClock "0:00:17"]
[BlackClock "0:00:21"]

1. d4 Nf6 2. Nf3 c5 3. d5 b5 4. a4 b4 5. c4 d6 6. Qc2 e5 7. e4 g6 8. Bd3 Bg7 9. O-O O-O 10. Nbd2 Nh5 11. g3 Bh3 12. Re1 Nd7 13. Nf1 h6 14. Ne3 a5 15. Bd2 Qe7 16. Kh1 Kh8 17. Ng1 f5 18. Nxh3 f4 19. Ng4 g5 20. Be2 Nhf6 21. Nxf6 Nxf6 22. f3 Rg8 23. Nf2 h5 24. Kg2 Bh6 25. Rh1 Rg6 26. Rag1 Rag8 27. Kf1 Kg7 28. h4 fxg3 29. Rxg3 gxh4 30. Rxg6+ Kxg6 31. Rg1+ Kh7 32. Bxh6 Rxg1+ 33. Kxg1 Kxh6 34. Qd2+ Kg6 35. Nh3 Qd7 36. Qg5+ Kf7 37. Kg2 Qxa4 38. Qf5 Qc2 39. Kf2 Qxb2 40. Qe6+ Kg7 41. Qxd6 Qd4+ 42. Kg2 b3 43. Ng5 Qd2 44. Ne6+ Kg6 45. Kf2 b2 46. Qe7 Qh6 47. Qb7 h3 48. Qxb2 h2 49. Kg2 Qe3 50. Kxh2 Qf2+ 51. Kh1 a4 52. Qxe5 Qxe2 53. Nf4+ Kh6 54. Nxe2 a3 55. Qxf6+ 1-0


[Site "https://www.chess.com"]

[Event "Titled Tuesday Blitz September 21 2021"]
[White "Sorokin, Aleksey"]
[Black "Navalgund, Niranjan"]
[WhiteFideId "24176460"]
[BlackFideId "5030854"]
[WhiteElo "2476"]
[BlackElo "2290"]
[Result "1/2-1/2"]
[Round "01"]
[TimeControl "180+1"]
[Date "2021.09.21"]
[WhiteClock "0:01:26"]
[BlackClock "0:00:12"]

1. d4 Nf6 2. c4 e6 3. Nf3 Bb4+ 4. Nbd2 O-O 5. a3 Be7 6. e4 d6 7. Be2 e5 8. dxe5 dxe5 9. Nxe5 Bd6 10. Nef3 Re8 11. O-O Nc6 12. b4 Nxe4 13. Nxe4 Rxe4 14. c5 Be7 15. Bd3 Re6 16. Qc2 h6 17. Bb2 Bf6 18. Rad1 Qe7 19. Bc4 Bxb2 20. Bxe6 Bxa3 21. Bxc8 Rxc8 22. Rfe1 Qf6 23. b5 Nb8 24. Ne5 Bb4 25. Re4 a5 26. Qc4 Rf8 27. g3 Qf5 28. Kg2 c6 29. b6 Bxc5 30. f3 Bxb6 31. Rb1 Bc7 32. Nxf7 Qxf7 33. Qxf7+ Rxf7 34. Rxb7 Bd6 35. Re8+ Rf8 36. Re6 Bc5 37. Re5 Bd6 38. Rxa5 c5 39. Ra4 Rc8 40. Rb6 Bf8 41. Rc4 Nd7 42. Rb7 Ne5 43. Re4 Nd3 44. Rc4 Ne5 45. Re4 Nd3 46. Rc4 Ne5 1/2-1/2


[Site "https://www.chess.com"]

[Event "Titled Tuesday Blitz September 21 2021"]
[White "Srihari L R"]
[Black "Fernandez Diaz, Cristian"]
[WhiteFideId "46617116"]
[BlackFideId "22256687"]
[WhiteElo "2121"]
[BlackElo "2263"]
[Result "1-0"]
[Round "01"]
[TimeControl "180+1"]
[Date "2021.09.21"]
[WhiteClock "0:01:08"]
[BlackClock "0:01:26"]

1. Nf3 c5 2. c4 Nc6 3. Nc3 g6 4. d4 cxd4 5. Nxd4 Bg7 6. e3 Nf6 7. Be2 O-O 8. O-O d6 9. b3 Nxd4 10. exd4 d5 11. Bb2 Bf5 12. Rc1 Qd7 13. Bf3 dxc4 14. bxc4 Rac8 15. Qb3 Bd3 16. Rfd1 Bxc4 17. Qxb7 Qxb7 18. Bxb7 Rb8 19. Na4 Bxa2 20. Rc7 Bb3 21. Ra1 Ne8 22. Rxe7 Bf6 23. Rd7 Be6 24. Bc6 Bxd7 25. Bxd7 Nd6 26. Ba3 1-0


[Site "https://www.chess.com"]

[Event "Titled Tuesday Blitz September 21 2021"]
[White "Suarez Gomez, Julio"]
[Black "Dudzinski, Pawel"]
[WhiteFideId "22275991"]
[BlackFideId "1117890"]
[WhiteElo "2376"]
[BlackElo "2193"]
[Result "1-0"]
[Round "01"]
[TimeControl "180+1"]
[Date "2021.09.21"]
[WhiteClock "0:00:56"]
[BlackClock "0:00:25"]

1. e4 c6 2. d4 d5 3. Nc3 dxe4 4. Nxe4 Nf6 5. Nxf6+ exf6 6. c3 Bd6 7. Bd3 O-O 8. Qc2 Re8+ 9. Ne2 h5 10. O-O h4 11. h3 Nd7 12. Be3 Nf8 13. Rad1 Qc7 14. c4 c5 15. dxc5 Bxc5 16. Bxc5 Qxc5 17. Nc3 Be6 18. b3 Rad8 19. Be4 f5 20. Bxb7 Ng6 21. Bd5 Nf4 22. Bxe6 fxe6 23. Ne2 Nh5 24. Rxd8 Rxd8 25. Rd1 Rd6 26. Rxd6 Qxd6 27. c5 Qc7 28. c6 Nf6 29. Nd4 Nd5 30. Nxe6 Qe5 31. c7 Qe1+ 32. Kh2 Qe5+ 33. f4 Nxf4 34. c8=Q+ Kh7 35. Ng5+ Kh6 36. Q8xf5 Nxh3+ 37. Qxe5 1-0


[Site "https://www.chess.com"]

[Event "Titled Tuesday Blitz September 21 2021"]
[White "Suvorov, Luca"]
[Black "Molina, Roberto Junio Brito"]
[WhiteFideId "12977071"]
[BlackFideId "2109450"]
[WhiteElo "2127"]
[BlackElo "2402"]
[Result "1-0"]
[Round "01"]
[TimeControl "180+1"]
[Date "2021.09.21"]
[WhiteClock "0:00:33"]
[BlackClock "0:00:13"]

1. d4 d5 2. c4 c6 3. Nc3 Nf6 4. e3 a6 5. Nf3 Bf5 6. c5 Nbd7 7. b4 Bg4 8. a4 e5 9. Be2 e4 10. Nd2 Bxe2 11. Qxe2 Be7 12. Ba3 O-O 13. Kd1 b6 14. Kc2 a5 15. Nb3 axb4 16. Bxb4 bxc5 17. Nxc5 Nxc5 18. dxc5 Nd7 19. f3 exf3 20. gxf3 Bxc5 21. Bxc5 Nxc5 22. Rhg1 Ne6 23. f4 Qf6 24. Qg4 Ra5 25. f5 Rc5 26. Ra3 Nd8 27. a5 Nb7 28. a6 Nd6 29. Qd4 Qxf5+ 30. e4 Rxc3+ 31. Rxc3 Qxe4+ 32. Qxe4 dxe4 33. Rxc6 Nb5 34. Rd1 Ra8 35. Rb6 Nc7 36. Rd7 Ne6 37. a7 1-0


[Site "https://www.chess.com"]

[Event "Titled Tuesday Blitz September 21 2021"]
[White "Swapnil, S. Dhopade"]
[Black "Djokic, Mihailo"]
[WhiteFideId "5019184"]
[BlackFideId "976440"]
[WhiteElo "2402"]
[BlackElo "2008"]
[Result "0-1"]
[Round "01"]
[TimeControl "180+1"]
[Date "2021.09.21"]
[WhiteClock "0:00:26"]
[BlackClock "0:00:19"]

1. d4 Nf6 2. Bf4 g6 3. Nc3 d5 4. e3 Bg7 5. h4 h5 6. Nf3 O-O 7. Be2 c5 8. Ne5 Nc6 9. O-O cxd4 10. exd4 Bf5 11. Bf3 Rc8 12. Re1 e6 13. g3 Qb6 14. Na4 Qd8 15. c3 Nxe5 16. g4 Nxf3+ 17. Qxf3 Bxg4 18. Qg2 Bf5 19. f3 b6 20. Rac1 Qd7 21. b3 Qc6 22. Be5 Nd7 23. Bxg7 Kxg7 24. Re3 b5 25. Nb2 Qd6 26. Nd3 Bxd3 27. Rxd3 e5 28. dxe5 Nxe5 29. Rd4 b4 30. f4 Ng4 31. Qxd5 Qxd5 32. Rxd5 Rxc3 33. Rxc3 bxc3 34. Rc5 Re8 35. Rxc3 Re1+ 36. Kg2 Re2+ 37. Kf3 Rxa2 38. Rc5 Ra3 39. Rb5 a5 40. Kg2 a4 41. bxa4 Rxa4 42. Kf3 Nh6 43. Rb1 Nf5 44. Rh1 Ra3+ 45. Kf2 Ng3 46. Re1 Nf5 47. Rh1 Kf6 48. Kg2 Rg3+ 49. Kf2 Rg4 50. Kf3 Nxh4+ 51. Ke3 Nf5+ 52. Kf3 Rg3+ 53. Kf2 h4 54. Ra1 h3 55. Rh1 Ra3 56. Rg1 h2 57. Rh1 Ra2+ 58. Kf3 Ng7 59. Kg4 Ne6 60. Rf1 Rf2 61. Rh1 Rxf4+ 62. Kg3 Ra4 63. Rxh2 Ng7 64. Rf2+ Nf5+ 65. Kh2 Kg5 66. Rg2+ Rg4 67. Rb2 f6 68. Rb8 Rh4+ 69. Kg2 Nh6 70. Rb5+ f5 71. Rb6 Re4 72. Kf3 Ng4 73. Rb8 Ne5+ 74. Kg3 Rg4+ 75. Kf2 f4 76. Rb5 Kf5 77. Ra5 g5 78. Rb5 Rg3 79. Ra5 Rc3 80. Ra8 g4 81. Rf8+ Ke4 82. Re8 Rc2+ 83. Kg1 g3 84. Rg8 Nf3+ 85. Kh1 Rh2# 0-1


[Site "https://www.chess.com"]

[Event "Titled Tuesday Blitz September 21 2021"]
[White "Tang, Andrew"]
[Black "Hajiyeva, Laman"]
[WhiteFideId "2059630"]
[BlackFideId "13415875"]
[WhiteElo "2588"]
[BlackElo "1728"]
[Result "1-0"]
[Round "01"]
[TimeControl "180+1"]
[Date "2021.09.21"]
[WhiteClock "0:00:33"]
[BlackClock "0:00:30"]

1. Nh3 d5 2. g3 Nf6 3. Bg2 Bf5 4. f4 h6 5. O-O e6 6. d3 Bc5+ 7. Kh1 O-O 8. c3 Nbd7 9. Nf2 Bh7 10. Nd2 Bb6 11. e4 dxe4 12. dxe4 Nc5 13. e5 Nd5 14. Nc4 Qd7 15. Qe2 Rad8 16. Rd1 Qb5 17. Bf3 Nd3 18. Nxd3 Qxc4 19. Ne1 Qxe2 20. Bxe2 Ne3 21. Bxe3 Bxe3 22. Kg2 Be4+ 23. Bf3 Bxf3+ 24. Kxf3 Bb6 25. a4 a6 26. Nc2 c6 27. Na3 Rxd1 28. Rxd1 Rd8 29. Rxd8+ Bxd8 30. Nc4 Bc7 31. b3 Kf8 32. Ke4 Ke7 33. Kd3 b5 34. Nd2 c5 35. c4 bxa4 36. bxa4 Kd7 37. h3 Kc6 38. g4 f6 39. exf6 gxf6 40. Ke4 Ba5 41. Nb3 Bc3 42. f5 e5 43. Nc1 Ba5 44. Nd3 Bd8 45. h4 Be7 46. Nc1 Bd8 47. Nb3 Bc7 48. Kd3 Bd8 49. Nd2 Be7 50. Ne4 Kd7 51. Ke3 Kc6 52. Nc3 Bd8 53. Nd5 Kd6 54. Kf3 Kc6 55. Kf2 Kd6 56. Ke2 Kc6 57. Kf3 Kd6 58. Nc3 Be7 59. g5 hxg5 60. h5 Bf8 61. Ne4+ Kc6 62. Nxf6 Bg7 63. Nd5 Kd6 64. Ke4 Bf8 65. Ne3 Bg7 66. Ng4 Ke7 67. h6 Bh8 68. Kd5 Kf7 69. Kxc5 e4 70. Kd5 e3 71. Nxe3 Kf6 72. c5 g4 73. c6 g3 74. c7 1-0


[Site "https://www.chess.com"]

[Event "Titled Tuesday Blitz September 21 2021"]
[White "Timmermans, Mark"]
[Black "Sliwicki, Damian"]
[WhiteFideId "1026399"]
[BlackFideId "1127128"]
[WhiteElo "2460"]
[BlackElo "2151"]
[Result "1-0"]
[Round "01"]
[TimeControl "180+1"]
[Date "2021.09.21"]
[WhiteClock "0:01:14"]
[BlackClock "0:00:07"]

1. b4 e5 2. Bb2 Bxb4 3. Bxe5 Nf6 4. Nc3 O-O 5. Bxf6 Qxf6 6. Nd5 Qd6 7. c4 Nc6 8. Nf3 Ba5 9. e4 Re8 10. Be2 Rxe4 11. O-O Ne5 12. d3 Nxf3+ 13. Bxf3 Re6 14. d4 c6 15. c5 Qf8 16. Ne3 d5 17. Rb1 Bc7 18. Bg4 Rh6 19. h3 f5 20. Bf3 Bd7 21. Rxb7 Qc8 22. Qb3 Rb8 23. Rb1 Rxb7 24. Qxb7 Qd8 25. Qxa7 Bc8 26. Qa8 f4 27. Ng4 Rg6 28. Ne5 Bxe5 29. dxe5 Re6 30. Rb8 Re8 31. Bg4 Qe7 32. Rxc8 Rxc8 33. Qxc8+ Kf7 34. e6+ Kg6 35. Qxc6 h5 36. Bf3 Kh6 37. Qxd5 g5 38. h4 g4 39. Qg5+ Qxg5 40. hxg5+ Kxg5 41. e7 gxf3 42. e8=Q Kg4 43. Qg6+ Kh4 44. g3+ Kh3 45. Qf5# 1-0


[Site "https://www.chess.com"]

[Event "Titled Tuesday Blitz September 21 2021"]
[White "Tong, Hai Anh"]
[Black "Maly, Alexey"]
[WhiteFideId "12412805"]
[BlackFideId "14103184"]
[WhiteElo "1467"]
[BlackElo "2250"]
[Result "1-0"]
[Round "01"]
[TimeControl "180+1"]
[Date "2021.09.21"]
[WhiteClock "0:00:19"]
[BlackClock "0:01:24"]

1. Nf3 c5 2. g3 Nc6 3. Bg2 g6 4. O-O Bg7 5. c4 e6 6. Nc3 Nge7 7. e3 O-O 8. d4 cxd4 9. exd4 d5 10. cxd5 Nxd5 11. Nxd5 exd5 12. Bf4 Bg4 13. h3 Bxf3 14. Bxf3 Nxd4 15. Bg2 Re8 16. Be3 Nf5 17. Bxd5 Rxe3 18. fxe3 Nxe3 19. Bxf7+ Kh8 20. Qxd8+ Rxd8 21. Rf2 Bd4 22. Kh1 Nf5 23. Rf3 Bxb2 24. Re1 Kg7 25. Bb3 Rd2 26. g4 Nh4 27. Rf7+ Kh6 28. Rxb7 Kg5 29. Rxa7 Kf4 30. Rae7 Nf3 31. R1e2 Rxe2 32. Rxe2 Ba3 33. Kg2 Nh4+ 34. Kf2 Bc5+ 35. Kf1 Kg3 36. Rc2 Ba3 37. Rc3+ Kf4 38. Rc4+ Kg3 39. Rc3+ Kf4 40. Ke2 h6 41. Bc2 Bb4 42. Rc4+ Kg3 43. Rxb4 Kxh3 44. a4 Ng2 45. a5 Kg3 46. a6 Nf4+ 47. Rxf4 Kxf4 48. a7 Kg3 49. a8=Q h5 50. Qf3+ Kh4 51. Qf2+ Kxg4 52. Bxg6 h4 53. Bf5+ Kg5 54. Qf3 Kf6 55. Qg4 Ke5 56. Qe4+ Kf6 57. Qe6+ Kg5 58. Kf3 h3 59. Qg6+ Kh4 60. Qg4# 1-0


[Site "https://www.chess.com"]

[Event "Titled Tuesday Blitz September 21 2021"]
[White "Tymrakiewicz, Rafal"]
[Black "Stoyanov, Tsvetan"]
[WhiteFideId "1108832"]
[BlackFideId "2917173"]
[WhiteElo "2172"]
[BlackElo "2191"]
[Result "0-1"]
[Round "01"]
[TimeControl "180+1"]
[Date "2021.09.21"]
[WhiteClock "0:00:02"]
[BlackClock "0:00:08"]

1. e4 c5 2. c3 d6 3. d4 Nf6 4. Nd2 Nc6 5. Ngf3 g6 6. d5 Nb8 7. Bc4 Bg7 8. O-O Nbd7 9. a4 O-O 10. Re1 Qc7 11. Nf1 Ne5 12. Nxe5 dxe5 13. Bg5 Ne8 14. Ne3 Nd6 15. Bd3 h6 16. Bh4 f5 17. f3 c4 18. Bc2 f4 19. Nf1 g5 20. Bf2 Bf6 21. Nd2 b6 22. b4 cxb3 23. Bxb3 Ba6 24. c4 Rac8 25. Rc1 Qd7 26. a5 Rb8 27. axb6 axb6 28. Ra1 Bc8 29. Ba4 Qc7 30. Qb3 Kg7 31. Reb1 Bd7 32. Bxd7 Qxd7 33. Bxb6 Nc8 34. c5 g4 35. fxg4 Qxg4 36. Qf3 Qg6 37. Nc4 Kh7 38. Bc7 Rxb1+ 39. Rxb1 Qg7 40. d6 exd6 41. cxd6 Qd7 42. Qh3 Qc6 43. Qf5+ Kg7 44. Nd2 Qc5+ 45. Kh1 Nxd6 46. Bxd6 Qxd6 47. Rb7+ Rf7 48. Rxf7+ Kxf7 49. Qh7+ Bg7 50. Qf5+ Kg8 51. Nf3 Qd1+ 52. Ng1 Qd6 53. h3 Qf6 54. Qg4 Kf7 55. Nf3 Qg6 56. Qd7+ Kg8 57. Qc8+ Kh7 58. Qd7 Qxe4 0-1


[Site "https://www.chess.com"]

[Event "Titled Tuesday Blitz September 21 2021"]
[White "Vignesh, N R"]
[Black "Reprintsev, Alexander"]
[WhiteFideId "25012215"]
[BlackFideId "14100541"]
[WhiteElo "2395"]
[BlackElo "2126"]
[Result "1-0"]
[Round "01"]
[TimeControl "180+1"]
[Date "2021.09.21"]
[WhiteClock "0:00:17"]
[BlackClock "0:00:04"]

1. e4 d5 2. exd5 Qxd5 3. Nc3 Qa5 4. d4 Nf6 5. Nf3 Nc6 6. d5 Nb4 7. Bc4 e6 8. dxe6 Bxe6 9. Bxe6 fxe6 10. O-O Bd6 11. a3 Nc6 12. Ng5 Qe5 13. g3 Qf5 14. Re1 e5 15. Nd5 Nxd5 16. Qxd5 O-O-O 17. Qf7 Qxc2 18. Be3 Kb8 19. Rec1 Qe2 20. Qb3 Nd4 21. Bxd4 exd4 22. Nf7 Rhf8 23. Re1 Qg4 24. Nxd8 Rxd8 25. Qd3 h5 26. Re4 Qh3 27. Rh4 Qe6 28. Rxd4 a6 29. Rd1 Re8 30. Qc4 Qe7 31. h4 g5 32. hxg5 Qxg5 33. Rd5 Qg6 34. Qd3 Qf7 35. b4 h4 36. Rxd6 cxd6 37. Qxd6+ Ka8 38. Qd5 Qg7 39. Qf3 hxg3 40. fxg3 Rg8 41. Rd3 Qa1+ 42. Kg2 Qh8 43. Rd6 Rb8 44. Rxa6# 1-0


[Site "https://www.chess.com"]

[Event "Titled Tuesday Blitz September 21 2021"]
[White "Vivas Zamora, Fabian Ernesto"]
[Black "Moskalenko, Alexander"]
[WhiteFideId "3902480"]
[BlackFideId "4155351"]
[WhiteElo "1966"]
[BlackElo "2515"]
[Result "0-1"]
[Round "01"]
[TimeControl "180+1"]
[Date "2021.09.21"]
[WhiteClock "0:00:02"]
[BlackClock "0:00:47"]

1. c4 g6 2. g3 Bg7 3. Bg2 e5 4. Nc3 Nc6 5. e4 Nge7 6. Nge2 O-O 7. d3 d6 8. O-O Nd4 9. b4 c5 10. a3 h6 11. Rb1 b6 12. Nd5 Nxd5 13. cxd5 Bd7 14. Nxd4 exd4 15. f4 b5 16. bxc5 dxc5 17. e5 Qa5 18. e6 fxe6 19. dxe6 Bxe6 20. Bd2 Qa6 21. Bxa8 Rxa8 22. Qf3 Rd8 23. Rbe1 c4 24. Qe4 Bf5 25. Qe7 Bf6 26. Qc5 c3 27. Bc1 b4 28. axb4 Qxd3 29. Qc6 Kf7 30. Qc7+ Rd7 31. Qc5 a6 32. Ba3 Qb5 33. Qxb5 axb5 34. h3 Bxh3 35. Rf3 d3 0-1


[Site "https://www.chess.com"]

[Event "Titled Tuesday Blitz September 21 2021"]
[White "Vogel, Roven"]
[Black "Yeritsyan, Hayk"]
[WhiteFideId "12908088"]
[BlackFideId "13307320"]
[WhiteElo "2516"]
[BlackElo "2392"]
[Result "1-0"]
[Round "01"]
[TimeControl "180+1"]
[Date "2021.09.21"]
[WhiteClock "0:00:49"]
[BlackClock "0:00:13"]

1. Nf3 d5 2. e3 Nf6 3. c4 c6 4. Nc3 Bf5 5. cxd5 cxd5 6. Qb3 Bc8 7. Bb5+ Bd7 8. Nxd5 Nxd5 9. Qxd5 Bxb5 10. Qxb5+ Qd7 11. Qxd7+ Nxd7 12. d4 e6 13. Bd2 Rc8 14. Ke2 Bd6 15. Rhc1 Ke7 16. Rxc8 Rxc8 17. Rc1 Rxc1 18. Bxc1 e5 19. dxe5 Nxe5 20. Nxe5 Bxe5 21. b3 g6 22. h3 f5 23. g4 Ke6 24. Kd3 Kd5 25. f3 h5 26. gxh5 gxh5 27. Bd2 b5 28. Bc3 Bd6 29. Bd4 a6 30. e4+ fxe4+ 31. fxe4+ Ke6 32. Bf2 Be5 33. Be1 Bf6 34. Bg3 Bg7 35. Ke3 Bf6 36. Bb8 Bg7 37. a4 bxa4 38. bxa4 Be5 39. Bxe5 Kxe5 40. a5 Ke6 41. Kf4 Kf6 42. Kg3 Ke5 43. Kh4 Kxe4 44. Kxh5 Kf5 45. Kh6 Kf6 46. Kh5 Kf5 47. h4 Kf6 48. Kg4 Kg6 49. Kf4 Kh5 50. Ke5 Kxh4 51. Kd6 Kg5 52. Kc6 Kf6 53. Kb6 Ke6 54. Kxa6 Kd7 55. Kb7 Kd6 56. a6 1-0


[Site "https://www.chess.com"]